 Dungeon Crawl Stone Soup version 0.27.1-16-g815e20cd7a (webtiles) character file.

Game seed: 6303784306852816122

21 bearlyready the Charlatan (level 3, 0/27 HPs)
             Began as a Human Artificer on Nov 21, 2021.
             Slain by a gnoll (10 damage)
             ... on level 1 of the Dungeon.
             The game lasted 00:02:26 (1821 turns).

bearlyready the Charlatan (Human Artificer)         Turns: 1821, Time: 00:02:26

Health: 0/27       AC:  3    Str: 13    XL:     3   Next: 5%
Magic:  3/3        EV: 11    Int: 11    God:
Gold:   19         SH:  0    Dex: 13    Spells: 2/2 levels left

rFire    . . .     SeeInvis .   j - +0 dagger
rCold    . . .     Faith    .   (no shield)
rNeg     . . .     Spirit   .   b - +0 leather armour
rPois    .         Reflect  .   (no helmet)
rElec    .         Harm     .   (no cloak)
rCorr    .         Rampage  .   (no gloves)
Will     .....                  (no boots)
Stlth    +.........             (no amulet)
HPRegen  0.09/turn              (no ring)
MPRegen  0.08/turn              (no ring)

@: no status effects
A: no striking features
a: no special abilities


You were on level 1 of the Dungeon.
You visited 1 branch of the dungeon, and saw 2 of its levels.

You collected 19 gold pieces.

Inventory:

Hand Weapons
 a - a +0 club
 j - a +0 dagger (weapon)
Missiles
 i - 26 stones
Armour
 b - a +0 leather armour (worn)
Jewellery
 l - a ring of fire
Wands
 c - a wand of flame (14) (quivered)
 d - a wand of charming (15)
Scrolls
 f - a scroll of blinking {unknown}
 h - 2 scrolls of teleportation {unknown}
 k - a scroll of identify {unknown}
Potions
 g - 3 potions of heal wounds {unknown}
 m - a potion of might {unknown}
Miscellaneous
 e - a piece from Xom's chessboard (14/15)


   Skills:
 + Level 1.9 Fighting
 - Level 2.0 Armour
 - Level 1.1 Dodging
 - Level 1.1 Stealth
 + Level 3.4 Evocations


You had 2 spell levels left.
You didn't know any spells.
Your spell library contained the following spells:

 Spells                   Type           Power      Damage    Failure   Level
 Animate Dead             Necr           0%         N/A       99%         4
 Borgnjor's Vile Clutch   Necr/Erth      0%         N/A       100%        5
 Death Channel            Necr           0%         N/A       100%        6


Dungeon Overview and Level Annotations

Branches:
Dungeon (2/15)

Altars:


Message History

You kill the goblin!
No target in view!
You see here a +0 club.
You see here a +0 club.
You open the door.
There is an open door here.
There is an open door here.
You see here a rat skeleton.
Done exploring.
Done exploring.
Done exploring.
Done exploring.
(D) Dungeon
Where to? (? - help)
What level of the Dungeon? (default 1, ? - help)
You see here a rat skeleton.
There is a stone staircase leading down here.
You climb downwards.
The endoplasm quivers.
The gnoll shaman shouts!
The gnoll shouts! x4; You hear an angry hiss.
Found a stone staircase leading down.
There is a stone staircase leading up here.
There are monsters nearby!
There are monsters nearby!
The bat hits you but does no damage.
A ball python comes into view.
The bat misses you. The bat closely misses you.
The gnoll hits you with a +0 flail! The gnoll misses you.
You climb upwards.
There is a stone staircase leading down here.
You are too injured to fight recklessly!
You closely miss the gnoll. The gnoll hits you with a +0 flail.
You hit the gnoll.
The gnoll is moderately wounded.
The gnoll hits you with a +0 flail.
You hit the gnoll but do no damage.
The gnoll is moderately wounded.
The gnoll hits you with a +0 flail!
You die...

#.# #....#............# #.#
#.##.############.# #.# #.##.#
#รท# #.###.##.# #.# #.....##.#
#.# ########.####### #.# #####
#.......# #.#
....####################.######.#
....'.....)....g@................
....####################.########
.#### #.# .# #.# .# #.# .#
#.######## .# #......... .# #####
########.# .# #...# #.#


You could see a gnoll.

Vanquished Creatures
  2 dart slugs (D:1)
  3 bats (D:1)
  An endoplasm (D:1)
  3 goblins (D:1)
  2 jackals (D:1)
  A frilled lizard (D:1)
  2 kobolds (D:1)
  2 rats (D:1)
16 creatures vanquished.

Notes
Turn   | Place    | Note
-------+----------+-------------------------------------------
     0 | D:1      | bearlyready the Human Artificer began the quest for the
                  | Orb.
     0 | D:1      | Reached XP level 1. HP: 15/15 MP: 1/1
   669 | D:1      | Reached XP level 2. HP: 16/21 MP: 2/2
  1524 | D:1      | Reached XP level 3. HP: 23/27 MP: 3/3
  1821 | D:1      | Slain by a gnoll

Illustrated notes

Levels and vault maps discovered:
D:1:      psy_arrival_radial02, layout_basic
D:2:      wad_river_or_something, layout_basic

Action                   || total
-------------------------++-------
Melee: Dagger            ||    72
       Club              ||    13
Evoke: Wand              ||     1
       Piece from Xom's  ||     1
 Stab: Sleeping          ||     3
       Petrifying        ||     1
Armor: Leather armour    ||    29
Dodge: Dodged            ||    52
